 Dungeon Crawl Stone Soup version 0.25-a0-435-g4b9beb1 (webtiles) character file.

Game seed: 16298750427165303321, levelgen mode: deterministic

6 Floofyboi318 the Covered (level 1, -1/20 HPs)
             Began as a Gnoll Wanderer on Jan 29, 2020.
             Slain by a jackal (2 damage)
             ... on level 1 of the Dungeon.
             The game lasted 00:00:20 (88 turns).

Floofyboi318 the Covered (Gnoll Wanderer)             Turns: 88, Time: 00:00:21

Health: -1/20      AC:  9    Str: 16    XL:     1   Next: 90%
Magic:  2/2        EV: 10    Int: 13    God:
Gold:   0          SH:  0    Dex: 13    Spells: 0/0 levels left

rFire    . . .     SeeInvis .   a - +0 short sword
rCold    . . .     Gourm    .   (no shield)
rNeg     . . .     Faith    .   b - +2 scale mail
rPois    .         Spirit   .   (no helmet)
rElec    .         Reflect  .   (no cloak)
rCorr    .         Harm     .   (no gloves)
MR       .....                  (no boots)
Stlth    +.........             (no amulet)
HPRegen  0.06/turn              (no ring)
MPRegen  0.08/turn              (no ring)

@: no status effects
A: distributed training, fangs 1, strong nose
a: no special abilities


You were on level 1 of the Dungeon.
You were not hungry.

You visited 1 branch of the dungeon, and saw 1 of its levels.

Inventory:

Hand Weapons
 a - a +0 short sword (weapon)
Armour
 b - a +2 scale mail (worn)
Wands
 c - a wand of random effects (15)
Comestibles
 d - a ration


   Skills:
 + Level 4.4 Fighting
 + Level 2.4 Short Blades
 + Level 0.1 Long Blades
 + Level 0.1 Axes
 + Level 0.1 Maces & Flails
 + Level 0.1 Polearms
 + Level 0.1 Staves
 + Level 0.1 Slings
 + Level 0.1 Bows
 + Level 2.4 Crossbows
 + Level 0.1 Throwing
 + Level 6.4 Armour
 + Level 2.4 Dodging
 + Level 2.2 Stealth
 + Level 0.1 Shields
 + Level 0.1 Unarmed Combat
 + Level 0.1 Spellcasting
 + Level 0.1 Conjurations
 + Level 0.1 Hexes
 + Level 0.1 Charms
 + Level 0.1 Summonings
 + Level 0.1 Necromancy
 + Level 0.1 Translocations
 + Level 0.1 Transmutations
 + Level 0.1 Fire Magic
 + Level 0.1 Ice Magic
 + Level 0.1 Air Magic
 + Level 0.1 Earth Magic
 + Level 0.1 Poison Magic
 + Level 0.2 Invocations
 + Level 2.4 Evocations


You couldn't memorise any spells.
You didn't know any spells.
Your spell library was empty.

Dungeon Overview and Level Annotations

Branches:
Dungeon (1/15)

Altars:


Innate Abilities, Weirdness & Mutations

Your experience applies equally to all skills.
You have very sharp teeth.
Your uncanny sense of smell can sniff out nearby items.


Message History

The jackal bites you but does no damage.
The jackal closely misses you.
Things that are here:
a jackal corpse; a rat corpse You hit the jackal but do no damage.
The jackal bites you but does no damage.
The jackal bites you.
* * * LOW HITPOINT WARNING * * *
The jackal barely misses you.
You hit the jackal. Your bite misses the jackal.
The jackal is almost dead.
The jackal bites you.
* * * LOW HITPOINT WARNING * * *
The jackal bites you.
* * * LOW HITPOINT WARNING * * *
The jackal bites you but does no damage.
You hit the jackal.
You kill the jackal!
The jackal bites you.
You die...

♣♣ ♣♣♣♣♣♣ ♣♣.♣
♣♣♣♣....♣♣♣
♣...♣♣♣♣.....♣.h@♣
≈≈...♣.....♣♣♣♣♣..#
♣≈≈≈...♣♣♣♣♣ ♣..#
♣♣≈≈≈≈♣♣ ♣♣..#
♣♣♣≈≈≈♣♣♣ .#.#
♣♣♣..≈≈≈♣ ..#..
♣♣...♣♣♣♣♣ ##.###
...♣♣♣ ∆ # ♣♣♣♣


You could see a jackal.

Vanquished Creatures
  A goblin (D:1)
  3 jackals (D:1)
  A rat (D:1)
5 creatures vanquished.

Notes
Turn   | Place    | Note
-------+----------+-------------------------------------------
     0 | D:1      | Floofyboi318 the Gnoll Wanderer began the quest for the
                  | Orb.
     0 | D:1      | Floofyboi318 set off with the following items: a +0 short
                  | sword, a +2 scale mail, a wand of random effects (15), a
                  | ration
     0 | D:1      | Reached XP level 1. HP: 20/20 MP: 2/2
    87 | D:1      | HP: 1/20 [jackal (1)]
    88 | D:1      | Slain by a jackal

Levels and vault maps discovered:
D:1:      kilobyte_arrival_exit_the_forest, layout_loops_cross, minmay_quantized

Action                   || total
-------------------------++-------
Melee: Short sword       ||    22
Armor: Scale mail        ||    31
Dodge: Dodged            ||    31

Table legend:
 A = Non-vault XP
 B = Vault XP
 C = Vault XP percentage of total XP
 D = Non-vault monster count
 E = Vault monster count
 F = Vault count percentage of total count
                 A         B        C        D         E       F
            +---------+---------+-------+---------+---------+-------
      Total |       9 |       0 |   0.0 |       5 |       0 |   0.0
            +---------+---------+-------+---------+---------+-------
        D:1 |       9 |       0 |   0.0 |       5 |       0 |   0.0
            +---------+---------+-------+---------+---------+-------
